 Dungeon Crawl Stone Soup version 0.25-a0-834-g55863b0b92 (webtiles) character file.

Game seed: 8678191120701905147, levelgen mode: deterministic

273 Conn the Conjurer (level 6, 0/37 HPs)
             Began as an Octopode Conjurer on Apr 23, 2020.
             Slain by a gnoll
             ... wielding a +0 spear
              (10 damage)
             ... on level 4 of the Dungeon.
             The game lasted 00:13:19 (3985 turns).

Conn the Conjurer (Octopode Conjurer)               Turns: 3985, Time: 00:13:20

Health: 0/37       AC:  1    Str:  7    XL:     6   Next: 23%
Magic:  1/11       EV: 14    Int: 19    God:
Gold:   144        SH:  0    Dex: 13    Spells: 1/12 levels left

rFire    . . .     SeeInvis .   m - +3 dagger
rCold    . . .     Gourm    .   (no shield)
rNeg     . . .     Faith    .   (helmet restricted)
rPois    .         Spirit   .   (no amulet)
rElec    .         Reflect  .   (no ring)
rCorr    .         Harm     .   (no ring)
MR       .....                  (no ring)
Stlth    ++........             (no ring)
HPRegen  0.12/turn              (no ring)
MPRegen  0.12/turn              (no ring)
                                (no ring)
                                (no ring)

@: very slightly contaminated, glowing
A: almost no armour, stealthy swim, amphibious, 8 rings, constrict 8, camouflage
1, gelatinous body 1
a: no special abilities


You were on level 4 of the Dungeon.
You were very hungry.

You visited 1 branch of the dungeon, and saw 5 of its levels.

You collected 144 gold pieces.

Inventory:

Hand Weapons
 g - a +0 dagger
 k - a +2 halberd of venom
 m - a +3 dagger (weapon)
Missiles
 d - 4 javelins
 l - 2 throwing nets (quivered)
Scrolls
 a - a scroll of enchant weapon {unknown}
 c - 5 scrolls of identify {unknown}
 f - a scroll of immolation
 h - a scroll of remove curse {unknown}
 i - a scroll of noise {unknown}
 j - 2 scrolls of magic mapping {unknown}
 o - a scroll of random uselessness {unknown}
Potions
 n - a potion of heal wounds {unknown}
Comestibles
 b - 5 rations


   Skills:
 + Level 0.5 Fighting
 + Level 0.5 Short Blades
 + Level 2.8 Dodging
 + Level 3.9 Stealth
 * Level 3.6 Spellcasting
 + Level 5.5 Conjurations


You had one spell level left.
You knew the following spells:

 Your Spells              Type           Power        Failure   Level  Hunger
a - Magic Dart            Conj           ###.         1%          1    None
b - Searing Ray           Conj           ###...       2%          2    ##.....
c - Dazzling Flash        Conj/Hex       ##....       14%         3    ###....
d - Blink                 Tloc           N/A          22%         2    ##.....
e - Mephitic Cloud        Conj/Pois/Air  ##......     21%         3    ###....

Your spell library contained the following spells:

 Spells                   Type           Power        Failure   Level  Hunger
 Conjure Flame            Conj/Fire      ##......     14%         3    ###....
 Call Imp                 Summ           #.......     22%         2    ##.....
 Slow                     Hex            #.......     22%         2    ##.....
 Fulminant Prism          Conj/Hex       ##........   41%         4    ####...
 Iskenderun's Mystic Bla  Conj/Tloc      ##......     41%         4    ####...


Dungeon Overview and Level Annotations

Branches:
Dungeon (5/15)
 Temple: D:4-7

Altars:


Innate Abilities, Weirdness & Mutations

You cannot wear most types of armour.
You are very stealthy in the water. (Stealth+)
You are amphibious.
You can wear up to eight rings at the same time.
You can use your tentacles to constrict eight enemies at once.
Your skin changes colour to match your surroundings (Stealth+).
Your rubbery body absorbs attacks. (AC +1, EV +1)


Message History

Confirm with . or Enter, or press ? or * to list all spells.
You miscast Blink.
Nothing appears to happen.
The gnoll completely misses you.
Casting: Blink (safe; 22% risk of failure)
Confirm with . or Enter, or press ? or * to list all spells.
You don't have enough magic to cast that spell.
It was a potion of curing.
You feel better.
The gnoll shaman hits you with a +0 whip.
The gnoll closely misses you.
Okay, then.
Okay, then.
The gnoll shaman calls upon its god to speed up the gnoll.
The gnoll seems to speed up.
The gnoll misses you.
The gnoll hits you from afar with a +0 spear!
* * * LOW HITPOINT WARNING * * *
As you read the scroll labeled OMEPRE FYKOSH, it crumbles to dust.
The creatures around you are filled with an inner flame!
It was a scroll of immolation.
The gnoll hits you from afar with a +0 spear!
You die...

#..........##
#...........##
#.....>......##
#......#......##
#....g###......#
#.g..## #......#
#g..## ##....##
#gg## #.....##
#@.# ####...##
#### ##...#
##... #####...
###.......
#.........
#.........
#.........
#..<......


You could see a gnoll shaman (inner flame) and 4 gnolls.

Vanquished Creatures
  An orc priest (D:3)
  An orc wizard (D:3)
  Terence (D:3)
  A worker ant (D:4)
  A hound skeleton (D:4)
  3 gnolls (D:2)
  3 adders
  2 worms
  A dart slug (D:3)
  2 leopard geckos
  13 orcs
  2 giant cockroaches
  10 hobgoblins
  4 jackals (D:1)
  7 bats
  3 frilled lizards
  9 goblins
  7 kobolds
  7 rats
78 creatures vanquished.

Notes
Turn   | Place    | Note
-------+----------+-------------------------------------------
     0 | D:1      | Conn the Octopode Conjurer began the quest for the Orb.
     0 | D:1      | Reached XP level 1. HP: 11/11 MP: 3/3
   383 | D:1      | Reached XP level 2. HP: 17/17 MP: 3/5
   388 | D:1      | Learned a level 2 spell: Searing Ray
   715 | D:1      | Reached XP level 3. HP: 17/21 MP: 3/6
   720 | D:1      | Learned a level 3 spell: Dazzling Flash
  1626 | D:2      | Reached XP level 4. HP: 27/27 MP: 3/7
  1658 | D:2      | Reached skill level 5 in Conjurations
  2132 | D:3      | Reached XP level 5. HP: 24/31 MP: 1/9
  3423 | D:3      | Noticed Terence
  3429 | D:3      | Killed Terence
  3429 | D:3      | Reached XP level 6. HP: 37/37 MP: 6/11
  3582 | D:3      | Learned a level 2 spell: Blink
  3586 | D:3      | Learned a level 3 spell: Mephitic Cloud
  3974 | D:5      | Entered Level 5 of the Dungeon
  3985 | D:4      | Slain by a gnoll

Levels and vault maps discovered:
D:1:      shiori_shiawase, layout_basic
D:2:      layout_basic, first_ration
D:3:      layout_basic, uniq_terence
D:4:      layout_cave_pods, uniq_grinder
D:5:      cheibrodos_barr_body, layout_rooms, minitemple, lemuel_angel_altar

Skill      XL: |  1  2  3  4  5 |
---------------+----------------+-----
Stealth        | 3 |  3.9
Conjurations   | 5 |  5.5
Spellcasting   | 3 |  3.6
Fighting       | |  0.5
Short Blades   | |  0.5
Dodging        | |  2.8

Action                   |  1- 3 |  4- 6 || total
-------------------------+-------+-------++-------
Melee: Unarmed           |    15 |       ||    15
       Constrict         |     6 |     9 ||    15
       Tentacles         |     4 |     2 ||     6
       Dagger            |    10 |    29 ||    39
Throw: Javelin           |       |     1 ||     1
 Cast: Magic Dart        |    52 |    76 ||   128
       Searing Ray       |       |     6 ||     6
       Mephitic Cloud    |       |     1 ||     1
  Use: Scroll            |       |     1 ||     1
       Potion            |       |     1 ||     1
 Stab: Sleeping          |     3 |     4 ||     7
  Eat: Chunk             |     3 |     6 ||     9
Armor: Skin              |       |    13 ||    13
Dodge: Dodged            |    19 |    52 ||    71

Table legend:
 A = Non-vault XP
 B = Vault XP
 C = Vault XP percentage of total XP
 D = Non-vault monster count
 E = Vault monster count
 F = Vault count percentage of total count
                 A         B        C        D         E       F
            +---------+---------+-------+---------+---------+-------
      Total |     354 |      36 |   9.2 |      77 |       1 |   1.3
            +---------+---------+-------+---------+---------+-------
        D:1 |      49 |       0 |   0.0 |      29 |       0 |   0.0
        D:2 |      79 |       0 |   0.0 |      14 |       0 |   0.0
        D:3 |     171 |      36 |  17.4 |      31 |       1 |   3.1
        D:4 |      55 |       0 |   0.0 |       3 |       0 |   0.0
            +---------+---------+-------+---------+---------+-------
